 Dungeon Crawl Stone Soup version 0.30-a0-845-g7c6808c8ce (console) character file.

Game seed: 13143331656649750179

52721 jejorda2 the Impaler (level 14, -9/121 HPs)
             Began as a Merfolk Berserker on Mar 2, 2023.
             Was an Elder of Trog.
             Mangled by a dire elephant (23 damage)
             ... on level 5 of the Lair of Beasts.
             The game lasted 00:36:37 (18642 turns).

jejorda2 the Impaler (Merfolk Berserker)           Turns: 18642, Time: 00:36:37

Health: -9/121     AC: 23    Str: 22    XL:     14   Next: 65%
Magic:  14/14      EV:  7    Int: 15    God:    Trog [****..]
Gold:   599        SH:  5    Dex: 13    Spells: 13/13 levels left

rFire   . . .      SeeInvis .    b - +0 halberd (spect)
rCold   x . .      Faith    .    (shield currently unavailable)
rNeg    + . .      Spirit   .    G - +0 plate armour {rPois}
rPois   +          Reflect  +    K - +2 helmet
rElec   +          Rampage  .    L - +0 cloak of the Ancient Hosts {rElec Int+2}
rCorr   .                        q - +0 pair of gloves
Will    +....                    (no boots) Stlth
                                 A - amulet of reflection
HPRegen 0.40/turn                l - +4 ring of protection
MPRegen 0.14/turn                p - ring "Byrakk" {+Blink rElec rC- rN+ Int+6}

@: on berserk cooldown, hasted and slowed
A: (nimble swimmer 2), mertail
a: Renounce Religion, Evoke Blink, Berserk, Trog's Hand, Brothers in Arms


You were on level 5 of the Lair of Beasts.
You worshipped Trog.
Trog was greatly pleased with you.
You visited 2 branches of the dungeon, and saw 15 of its levels.

You collected 2505 gold pieces.
You spent 1906 gold pieces at shops.

Inventory:

Hand Weapons
 a - the +9 lance "Wyrmbane" {slay drac, rPois rF+ rC+ AC+3}
   (You bought it in a shop on level 6 of the Dungeon)

   AC:        It affects your AC (+3).
   rF:        It protects you from fire.
   rC:        It protects you from cold.
   rPois:     It protects you from poison.
 b - a +0 spectral halberd (weapon)
Missiles
 o - 42 poisoned darts (quivered)
 v - a curare-tipped dart
 x - 4 boomerangs
 B - 111 stones
 H - 12 javelins
Armour
 q - a +0 pair of gloves (worn)
 G - a +0 plate armour of poison resistance (worn)
 K - a +2 helmet (worn)
 L - the +0 cloak of the Ancient Hosts (worn) {rElec Int+2}
   (You found it on level 5 of the Lair of Beasts)

   Int:       It affects your intelligence (+2).
   rElec:     It insulates you from electricity.
Jewellery
 d - a ring of fire
 l - a +4 ring of protection (left hand)
 p - the ring "Byrakk" (right hand) {+Blink rElec rC- rN+ Int+6}
   (You found it on level 5 of the Lair of Beasts)

   [ring of intelligence]

   Int:       It affects your intelligence (+6).
   rC:        It makes you vulnerable to cold.
   rElec:     It insulates you from electricity.
   rN:        It protects you from negative energy.
   +Blink:    It lets you blink.
 A - an amulet of reflection (around neck)
 C - the ring "Siaxkene" {rPois Will++ rCorr Str-4 Dex+4}
   (You found it on level 5 of the Lair of Beasts)

   [ring of poison resistance]

   Str:       It affects your strength (-4).
   Dex:       It affects your dexterity (+4).
   rPois:     It protects you from poison.
   rCorr:     It protects you from acid and corrosion.
   Will:      It greatly increases your willpower.
 P - a ring of ice
Wands
 w - a wand of roots (10)
 D - a wand of paralysis (24)
 E - a wand of mindburst (24)
 J - a wand of polymorph (9)
 M - a wand of flame (6)
 N - a wand of digging (4)
 O - a wand of light (11)
Scrolls
 e - 6 scrolls of magic mapping
 n - 3 scrolls of fog
 u - a scroll of immolation
 y - 2 scrolls of enchant weapon
 z - 2 scrolls of fear
 Q - a scroll of brand weapon
 S - a scroll of silence
Potions
 c - 2 potions of mutation
 f - 5 potions of might
 g - 8 potions of invisibility
 h - 2 potions of ambrosia
 j - a potion of resistance
 k - 4 potions of curing
 m - 3 potions of flight
 r - 2 potions of haste
 s - 2 potions of attraction
 t - 2 potions of cancellation
 I - a potion of lignification


   Skills:
 + Level 14.9 Fighting
 - Level 16.0 Polearms
 - Level 12.0 Throwing
 + Level 8.2 Armour
 - Level 2.6 Dodging
 * Level 9.6 Shields


You had 13 spell levels left.
You didn't know any spells.
Your spell library was empty.

Dungeon Overview and Level Annotations

Branches:
Dungeon (10/15)            Temple (0/1) D:6            Lair (5/5) D:10
  Swamp (0/4) Lair:3        Snake (0/4) Lair:3        Slime (0/5) Lair:5
    Orc (0/2) D:9

Altars:
Ashenzari
Dithmenos
Gozag
Makhleb
Qazlal
Ru
Trog
Uskayaw
Wu Jian
Jiyva

Shops:
D:6 ([?(

Annotations:
D:6 1 runed translucent door, zenocrate's ghost, novice DEHu
D:7 3 runed translucent doors, Palms's ghost, novice OpEE
Lair:1 exclusion: oklob plant


Innate Abilities, Weirdness & Mutations

((You are very nimble when in or above water. (Stealth+, EV+, Speed+++)))
Your lower body shifts to a powerful aquatic tail in water.


Message History

You are exhausted.
You feel yourself slow down.
The dire elephant barely misses your +0 spectral halberd.
The dire elephant trunk-slaps your +0 spectral halberd!
Your spectral weapon shares its damage with you!
* * * LOW HITPOINT WARNING * * *
You completely miss the dire elephant simulacrum.
The dire elephant simulacrum is almost destroyed.
Your +0 spectral halberd hits the dire elephant simulacrum from afar!
The dire elephant simulacrum vaporises!
The dire elephant tramples your +0 spectral halberd!!
Your spectral weapon shares its damage with you!
Your +0 spectral halberd holds its ground!
Your +0 spectral halberd fades away.
* * * LOW HITPOINT WARNING * * *
The necromancer gestures wildly while chanting.
The necromancer binds the souls of nearby monsters.
There is a large open door here.
Blink to where?
Press: ? - help, Dir - move target
As you read the scroll of blinking, it crumbles to dust.
You close the large door.
You start resting.
A necromancer opens the door.
It is wielding a +6 vampiric glaive.
Okay, then.
Okay, then.
You feel yourself speed up.
The necromancer hits you from afar with a +6 vampiric glaive.
* * * LOW HITPOINT WARNING * * *
You block the dire elephant's attack. The dire elephant trunk-slaps you.
* * * LOW HITPOINT WARNING * * *
The dire elephant tramples you.
* * * LOW HITPOINT WARNING * * *
You stumble backwards!
The dire elephant tramples you.
* * * LOW HITPOINT WARNING * * *
You hold your ground!
You block the dire elephant's attack.
The dire elephant attacks as you move away!
The dire elephant tramples you!!
You die...

...........#.#.~≈≈≈~#
...........#.#~~≈≈~~#
...........#.##~≈~..#
...........#..#~...#
...........##.####p##
.#.........♣#...#8.8#
...........^###.#...#
.............##.##.Y####
.............♣#.@#..'..##
..#...P#.....♣##Y#P.'...##
....P####....♣ #Y####....#
...### ##..♣# #....'...##
..## ##..# ###p.'....# ..#
#..♣# +..8##...# ..## ##.#
#####...## ...# #..# ##.P#
..## #..# #..#


You could see 2 dire elephants.

Vanquished Creatures
  3 dire elephants (Lair:5)
  A fire dragon (Lair:4)
  4 hydras
  A catoblepas (Lair:4)
  2 two-headed ogres (D:10)
  2 boulder beetles
  9 death yaks
  A skyshark (Lair:5)
  2 spectral death yaks (Lair:5)
  A fire crab (Lair:5)
  A spectral anaconda (Lair:5)
  A lindwurm (Lair:1)
  7 elephants
  A molten gargoyle (Lair:5)
  3 black mambas
  13 cane toads
  A gargoyle (D:6)
  11 komodo dragons
  16 rime drakes
  A polar bear (Lair:5)
  A spectral elephant (Lair:5)
  2 dream sheep (Lair:4)
  15 blink frogs
  41 yaks
  A shadow (D:6)
  3 wraiths
  A basilisk (Lair:4)
  3 wyverns
  3 humans (Lair:4)
  10 steam dragons
  2 death yak simulacra (Lair:5)
  A naga (Lair:3)
  2 wargs (D:10)
  4 acid dragons
  10 water moccasins
  2 black bears (Lair:2)
  3 orc warriors
  An ice beast (D:5)
  A sky beast (D:7)
  An elephant zombie (Lair:5)
  An ogre (D:5)
  5 wolves (Lair:2)
  3 centaurs
  2 elephant skeletons (Lair:5)
  A phantom (D:6)
  3 kobold brigands
  15 bullfrogs
  2 scorpions
  22 killer bees
  An elephant simulacrum (Lair:5)
  5 electric eels
  4 hounds
  8 jellies
  5 orc priests
  A gnoll bouda (D:7)
  5 sleepcaps
  9 iguanas
  6 orc wizards
  2 human simulacra (D:9)
  11 adders
  8 gnolls (D:7)
  3 white imps
  4 ufetubi
  A worm (D:2)
  2 dart slugs (D:3)
  29 orcs
  5 ball pythons
  4 bats
  23 endoplasms
  6 giant cockroaches
  3 goblins
  6 hobgoblins
  23 kobolds
  3 quokkas
  A frilled lizard (D:2)
  4 rats
424 creatures vanquished.

Vanquished Creatures (collateral kills)
  The ghost of Strat the Basher, a journeyman GrRe of Dithmenos (Lair:5)
  The ghost of loam the Destroyer, a journeyman DsHu of Vehumet (Lair:5)
2 creatures vanquished.

Vanquished Creatures (others)
  22 fungi
  35 plants
  19 withered plants (Lair:5)
76 creatures vanquished.

Grand Total: 502 creatures vanquished

Notes
Turn   | Place    | Note
-------+----------+-------------------------------------------
     0 | D:1      | jejorda2 the Merfolk Berserker began the quest for the Orb.
     0 | D:1      | Reached XP level 1. HP: 18/18 MP: 1/1
    44 | D:1      | Reached XP level 2. HP: 18/24 MP: 2/2
   404 | D:1      | Reached skill level 5 in Polearms
   633 | D:1      | Reached XP level 3. HP: 30/30 MP: 3/3
   904 | D:2      | Reached ** piety under Trog
  1209 | D:2      | Identified the +1 leather armour of the Hidden Vale {+Inv
                  | rC+ Will-}
  1673 | D:3      | Reached XP level 4. HP: 36/37 MP: 4/4
  1808 | D:3      | Reached skill level 6 in Polearms
  2231 | D:4      | Reached XP level 5. HP: 40/43 MP: 5/5
  2298 | D:4      | Found a shadowy altar of Dithmenos.
  2556 | D:5      | Entered Level 5 of the Dungeon
  2569 | D:5      | Reached skill level 7 in Polearms
  2632 | D:5      | Reached XP level 6. HP: 49/50 MP: 6/6
  2710 | D:5      | Reached skill level 5 in Fighting
  2990 | D:5      | Reached skill level 8 in Polearms
  3081 | D:5      | Reached XP level 7. HP: 55/56 MP: 7/7
  3308 | D:5      | Reached skill level 9 in Polearms
  3714 | D:5      | Reached XP level 8. HP: 64/64 MP: 8/8
  3961 | D:6      | Noticed zenocrate's ghost (novice DEHu)
  3961 | D:6      | Noticed a wraith
  3961 | D:6      | Found a runed translucent door.
  3961 | D:6      | Found Onabriw's Antique Weapon Shop.
  3978 | D:6      | Found Gaqail's Armour Shoppe.
  4009 | D:6      | Reached skill level 10 in Polearms
  4109 | D:6      | Reached skill level 16 in Polearms
  4109 | D:6      | Reached XP level 9. HP: 68/69 MP: 9/9
  4119 | D:6      | Found Myusseung's Antique Weapon Boutique.
  4168 | D:6      | Found a staircase to the Ecumenical Temple.
  4324 | D:6      | Noticed a gargoyle
  4331 | D:6      | Reached skill level 1 in Throwing
  4336 | D:6      | Killed a gargoyle
  4337 | D:6      | Reached skill level 1 in Shields
  4439 | D:6      | Found a broken altar of Ashenzari.
  4544 | D:6      | Found Etwaqit's Magic Scroll Shoppe.
  4553 | D:6      | Bought a scroll of fear for 48 gold pieces
  5314 | D:7      | Reached XP level 10. HP: 77/77 MP: 10/10
  5433 | D:7      | Found a runed translucent gate.
  5434 | D:7      | Found a runed translucent gate.
  5434 | D:7      | Found an opulent altar of Gozag.
  5435 | D:7      | Found a runed translucent gate.
  5446 | D:7      | Noticed a cyclops
  5447 | D:7      | Noticed Palms's ghost (novice OpEE)
  5814 | D:8      | Found a sacrificial altar of Ru.
  5856 | D:8      | Reached *** piety under Trog
  6523 | D:9      | Found a bloodstained altar of Trog.
  6805 | D:9      | Found a staircase to the Orcish Mines.
  7020 | D:9      | Found an ornate altar of the Wu Jian Council.
  7095 | D:9      | Found a hide-covered altar of Uskayaw.
  7569 | D:9      | Found an opulent altar of Gozag.
  7918 | D:10     | Entered Level 10 of the Dungeon
  7918 | D:10     | Noticed a two-headed ogre
  7918 | D:10     | Found a burning altar of Makhleb.
  7929 | D:10     | Killed a two-headed ogre
  7930 | D:10     | Reached XP level 11. HP: 86/86 MP: 11/11
  7970 | D:10     | Noticed a two-headed ogre
  7980 | D:10     | Killed a two-headed ogre
  7981 | D:10     | Reached skill level 5 in Throwing
  7981 | D:10     | Reached skill level 5 in Shields
  8560 | D:10     | Found a stormy altar of Qazlal.
  8812 | D:10     | Found a staircase to the Lair.
  8998 | Lair:1   | Entered Level 1 of the Lair of Beasts
  9019 | Lair:1   | Noticed a lindwurm
  9032 | Lair:1   | Killed a lindwurm
  9589 | Lair:1   | Noticed a boulder beetle
  9602 | Lair:1   | Killed a boulder beetle
  9603 | Lair:1   | Reached skill level 10 in Fighting
  9709 | Lair:1   | Noticed an oklob plant
  9722 | Lair:1   | Reached **** piety under Trog
 10705 | Lair:2   | Noticed a boulder beetle
 10723 | Lair:2   | Reached XP level 12. HP: 86/98 MP: 12/12
 10740 | Lair:2   | Killed a boulder beetle
 10951 | Lair:2   | HP: 5/100 [poisoned by a cane toad]
 11928 | Lair:3   | Found a staircase to the Swamp.
 11995 | Lair:3   | Identified the +1 ring mail of the Unbroken {rC+}
 12146 | Lair:3   | Noticed an eight-headed hydra
 12146 | Lair:3   | Noticed a seven-headed hydra
 12159 | Lair:3   | Killed a seven-headed hydra
 12163 | Lair:3   | HP: 7/150 [eight-headed hydra (4)]
 12163 | Lair:3   | HP: 2/150 [eight-headed hydra (5)]
 12164 | Lair:3   | Killed an eight-headed hydra
 12650 | Lair:3   | Found a staircase to the Snake Pit.
 12659 | Lair:3   | Reached skill level 10 in Throwing
 13112 | Lair:3   | Identified a scroll of acquirement
 13112 | Lair:3   | Acquired 923 gold pieces
 13457 | Lair:4   | Reached XP level 13. HP: 62/108 MP: 13/13
 14678 | Lair:4   | Reached ***** piety under Trog
 15239 | D:6      | Bought the +8 lance "Wyrmbane" {slay drac, rPois rF+ rC+
                  | AC+3} for 1858 gold pieces
 15239 | D:6      | Found the +8 lance "Wyrmbane" {slay drac, rPois rF+ rC+
                  | AC+3}
 15453 | Lair:4   | Noticed a fire dragon
 15477 | Lair:4   | Killed a fire dragon
 16043 | Lair:4   | Reached XP level 14. HP: 108/120 MP: 14/14
 16185 | Lair:4   | Received a gift from Trog
 16496 | Lair:5   | Entered Level 5 of the Lair of Beasts
 16674 | Lair:5   | Identified the +10 quarterstaff "Juahetz" {spect, *Rage
                  | rCorr Int+3}
 16677 | Lair:5   | Found a runed translucent gate.
 16678 | Lair:5   | Found a runed translucent gate.
 16679 | Lair:5   | Found a runed translucent gate.
 16687 | Lair:5   | Identified the ring "Siaxkene" {rPois Will++ rCorr Str-4
                  | Dex+4}
 16692 | Lair:5   | Noticed Strat's ghost (journeyman GrRe)
 16692 | Lair:5   | Noticed loam's ghost (journeyman DsHu)
 17180 | Lair:5   | Noticed a dire elephant
 17180 | Lair:5   | Noticed a dire elephant
 17188 | Lair:5   | Noticed a dire elephant
 17346 | Lair:5   | Identified the +2 leather armour of the Distant Future {rF+
                  | Will+}
 17442 | Lair:5   | Found a viscous altar of Jiyva.
 17443 | Lair:5   | Found a staircase to the Slime Pits.
 17453 | Lair:5   | Identified the ring "Byrakk" {+Blink rElec rC- rN+ Int+6}
 18076 | Lair:5   | Killed Strat's ghost
 18081 | Lair:5   | Killed loam's ghost
 18088 | Lair:5   | Identified the +0 cloak of the Ancient Hosts {rElec Int+2}
 18209 | Lair:5   | Noticed a dire elephant
 18215 | Lair:5   | Noticed a dire elephant
 18224 | Lair:5   | Killed a dire elephant
 18484 | Lair:5   | Killed a dire elephant
 18625 | Lair:5   | Killed a dire elephant
 18642 | Lair:5   | Mangled by a dire elephant

Illustrated notes

Levels and vault maps discovered:
D:1:      grunt_arrival_crossed_arrows, layout_basic
D:2:      layout_basic
D:3:      layout_rooms
D:4:      layout_cave_pools, mainiacjoe_overflow_catwalk
D:5:      layout_cave_pods, serial_rivers, chequers_serial_rivers_micro_b,
          chequers_serial_rivers_small_b, chequers_serial_rivers_micro_d,
          chequers_serial_rivers_marsh, chequers_serial_rivers_micro_a,
          guppyfry_early_lair_pool
D:6:      minmay_chambers_of_sixes, layout_rooms, mainiacjoe_overflow_boulevard,
          minmay_temple_entry_crystal_x, serial_shops, shop, nicolae_shop_stone,
          shop, shop_fountains, ebering_ghost_inner_flame
D:7:      layout_basic, ebering_ghost_gozag
D:8:      layout_gridville, nicolae_ru_sacrificial_ziggurat
D:9:      layout_loops_ring, mainiacjoe_overflow_alcove_2,
          nicolae_overflow_hidden_temple, nicolae_overflow_two_pavilions,
          david_orc_2, serial_aquarium, aquarium_bridge_long_separate
          [aquarium_subvault_bridge, aquarium_subvault_wall,
          aquarium_subvault_bridge, aquarium_subvault_bridge,
          aquarium_subvault_wall, aquarium_subvault_wall],
          aquarium_bridge_straight [aquarium_subvault_bridge,
          aquarium_subvault_wall, aquarium_subvault_bridge,
          aquarium_subvault_wall], aquarium_window_1, aquarium_window_2,
          aquarium_window_fake, aquarium_view_2c, aquarium_view_2c,
          aquarium_balcony_1a, aquarium_pool_S, bh_circular_ruins
D:10:     layout_rooms, lemuel_round_altar, bloody_makhleb,
          erik_lair_orcish_takeover
Lair:1:   lemuel_slime, layout_cave_pods, serial_forest,
          infiniplex_forest_lined_3, infiniplex_forest_lined_2,
          infiniplex_forest_lined_room_3, infiniplex_forest_zigzag_1,
          grunt_megastairs_1, serial_bayou_shore_a, lemuel_fruit_fields
Lair:2:   layout_chaotic_city, nicolae_lair_grove_arrangements,
          grunt_megastairs_2
Lair:3:   beast_lair_carwin_large_2, layout_cave_pods, swamp_mist,
          guppyfry_snake_entry_island
Lair:4:   slaughterhouse, layout_cave_shapes, bobbens_dragon_lair_wall,
          serial_bayou_shore_b
Lair:5:   due_jungle_book, layout_gridlike, nicolae_slime_entry_slimehenge,
          gammafunk_ghost_cemetery

Skill      XL: |  1  2  3  4  5  6  7  8  9 10 11 12 13 14 |
---------------+-------------------------------------------+-----
Polearms       | 5 6 7 8 9 16 | 16.0
Fighting       | 4 5 6 8 10 12 14 | 14.9
Armour         | 2 3 6 7 8 |  8.2
Throwing       | 2 4 7 11 12 | 12.0
Shields        | 2 4 6 7 9 |  9.6
Dodging        | |  2.6

Action                     |  1- 3 |  4- 6 |  7- 9 | 10-12 | 13-15 || total
---------------------------+-------+-------+-------+-------+-------++-------
  Melee: Spear             |   153 |   186 |       |       |       ||   339
         Punch             |     4 |       |       |       |     6 ||    10
         Trident           |       |     6 |   189 |    12 |    25 ||   232
         Halberd           |       |       |    19 |   747 |   272 ||  1038
         Tailslap          |       |       |       |     5 |       ||     5
         Unarmed           |       |       |       |     1 |       ||     1
         Lance             |       |       |       |       |   279 ||   279
  Throw: Stone             |       |     6 |     1 |    14 |       ||    21
         Dart              |       |       |       |    23 |    14 ||    37
 Invoke: Berserk           |       |     3 |     7 |    13 |     8 ||    31
         Trog's Hand       |       |     2 |     2 |     3 |     6 ||    13
         Brothers in Arms  |       |       |       |       |     1 ||     1
    Use: Scroll            |       |       |    16 |     9 |     4 ||    29
         Potion            |       |       |     1 |     1 |     2 ||     4
   Stab: Sleeping          |     1 |       |       |       |       ||     1
         Distracted        |       |       |       |     2 |     6 ||     8
 Armour: Animal skin       |     5 |       |       |       |       ||     5
         Chain mail        |    38 |    29 |       |       |       ||    67
         Plate armour      |       |    45 |    84 |   293 |   181 ||   603
  Dodge: Dodged            |    40 |    46 |    38 |   170 |    83 ||   377
  Block: Other             |       |       |    10 |   118 |    54 ||   182
         Reflection        |       |       |     1 |     5 |       ||     6

Table legend: (Time is in decaauts)
 A = Elapsed time spent in this place.
 B = Non-inter-level travel time spent in this place.
 C = Inter-level travel time spent in this place.
 D = Time resting spent in this place.
 E = Time spent auto-exploring this place.
 F = Levels seen in this place.
 G = Mean time per level.
                   A        B        C        D        E       F      G
               +--------+--------+--------+--------+--------+-----+--------+
         Total |  18228 |  16989 |   1239 |   2473 |  11748 |  15 | 1215.2 |
       Dungeon |   9260 |   8422 |    838 |   1042 |   5966 |  10 |  926.0 |
          Lair |   8968 |   8568 |    400 |   1431 |   5782 |   5 | 1793.6 |
               +--------+--------+--------+--------+--------+-----+--------+

Top non-repeatable levels by time:
  Lair:4: 2152 daAuts
  Lair:3: 2113 daAuts
  Lair:5: 1801 daAuts
  Lair:1: 1553 daAuts
     D:9: 1486 daAuts
     D:5: 1447 daAuts
  Lair:2: 1346 daAuts
    D:10: 1288 daAuts
     D:7: 936 daAuts
     D:6: 833 daAuts
     D:1: 821 daAuts
     D:2: 764 daAuts
     D:8: 692 daAuts
     D:4: 504 daAuts
     D:3: 486 daAuts
